 Dungeon Crawl Stone Soup version 0.25-a0-102-gbfa96ce22d (webtiles) character file.

Game seed: 10357431787686463536, levelgen mode: deterministic

136 vurker the Magician (level 4, -1/32 HPs)
             Began as a Mummy Fire Elementalist on Nov 15, 2019.
             Slain by a vampire bat (3 damage)
             ... on level 3 of the Dungeon.
             The game lasted 00:04:36 (2638 turns).

vurker the Magician (Mummy Fire Elementalist)       Turns: 2638, Time: 00:04:37

Health: -1/32      AC:  3    Str: 11    XL:     4   Next: 98%
Magic:  4/10       EV: 12    Int: 15    God:
Gold:   176        SH:  0    Dex: 12    Spells: 8/11 levels left

rFire    x . .     SeeInvis .   (no weapon)
rCold    + . .     Gourm    .   (no shield)
rNeg     + + +     Faith    .   a - +0 robe
rPois    ∞         Spirit   .   (no helmet)
rElec    .         Reflect  .   (no cloak)
rCorr    .         Harm     .   i - +0 pair of gloves
MR       .....                  (no boots)
Stlth    ++........             (no amulet)
HPRegen  0.10/turn              (no ring)
MPRegen  0.12/turn              (no ring)

@: very slightly contaminated
A: no food or potions, fire vulnerability, cold resistance 1, negative energy
resistance 3, torment resistance, unbreathing
a: no special abilities


You were on level 3 of the Dungeon.
You were not hungry.

You visited 1 branch of the dungeon, and saw 3 of its levels.

You collected 176 gold pieces.

Inventory:

Armour
 a - a +0 robe (worn)
 i - a +0 pair of gloves (worn)
   (You found it on level 3 of the Dungeon)
Scrolls
 b - 2 scrolls of remove curse {unknown}
 c - a scroll of amnesia {unknown}
 d - 2 scrolls of teleportation {unknown}
 e - 2 scrolls of fog {unknown}
 f - a scroll of identify {unknown}
 g - a scroll of enchant armour {unknown}
 h - a scroll of random uselessness {unknown}


   Skills:
 + Level 1.4 Fighting
 - Level 1.5 Dodging
 - Level 1.5 Stealth
 * Level 4.1 Spellcasting
 * Level 2.1 Conjurations
 * Level 3.2 Fire Magic


You had 8 spell levels left.
You knew the following spells:

 Your Spells              Type           Power        Failure   Level  Hunger
a - Flame Tongue          Conj/Fire      ##...        6%          1    N/A
b - Throw Flame           Conj/Fire      ##....       9%          2    N/A

Your spell library contained the following spells:

 Spells                   Type           Power        Failure   Level  Hunger
 Conjure Flame            Conj/Fire      ##......     19%         3    N/A
 Inner Flame              Hex/Fire       #.......     28%         3    N/A
 Sticky Flame             Conj/Fire      ##......     52%         4    N/A
 Fireball                 Conj/Fire      ##........   86%         5    N/A

Dungeon Overview and Level Annotations

Branches:
Dungeon (3/15)

Altars:
Cheibriados


Innate Abilities, Weirdness & Mutations

You do not eat or drink.
Your flesh is vulnerable to fire.
You are immune to poison.
Your flesh is cold resistant. (rC+)
You are immune to negative energy. (rN+++)
You are immune to unholy pain and torment.
You can survive without breathing.


Message History

Unknown command.
Unknown command.
Unknown command.
You closely miss the vampire bat. The vampire bat bites you.
* * * LOW HITPOINT WARNING * * *
The vampire bat bites you but does no damage.
Unknown command.
You closely miss the vampire bat. The vampire bat bites you.
* * * LOW HITPOINT WARNING * * *
The vampire bat closely misses you. The vampire bat bites you.
* * * LOW HITPOINT WARNING * * *
You closely miss the vampire bat. The vampire bat barely misses you.
The vampire bat bites you but does no damage.
Unknown command.
You hit the vampire bat. The vampire bat closely misses you.
The vampire bat barely misses you.
Unknown command.
You closely miss the vampire bat.
The vampire bat bites you but does no damage.
The vampire bat barely misses you.
Unknown command.
You miss the vampire bat. The vampire bat bites you.
* * * LOW HITPOINT WARNING * * *
The vampire bat bites you.
* * * LOW HITPOINT WARNING * * *
You barely miss the vampire bat. The vampire bat closely misses you.
The vampire bat barely misses you.
Unknown command.
You miss the vampire bat.
The vampire bat bites you but does no damage.
The vampire bat bites you.
* * * LOW HITPOINT WARNING * * *
You closely miss the vampire bat.
The vampire bat bites you but does no damage. x2
Unknown command.
You barely miss the vampire bat. The vampire bat closely misses you. x2
Unknown command.
You hit the vampire bat but do no damage.
The vampire bat bites you but does no damage.
The vampire bat bites you.
* * * LOW HITPOINT WARNING * * *
You hit the vampire bat. The vampire bat barely misses you.
Unknown command.
You barely miss the vampire bat. The vampire bat barely misses you. x2
The vampire bat misses you.
Unknown command.
You hit the vampire bat. The vampire bat closely misses you.
Unknown command.
You hit the vampire bat. The vampire bat misses you. The vampire bat bites you.
You die...

#.# #..†......#
#.# ###...#.##
########.#
###...#.##
#........#
#........#
#.########
####.......# #.#
#####†###......#
#.# #..##.#
#...#.## ####
#...#†####..#.####
##.
##.#.##@##........
...
####.#b##....####


bb. ###÷b###.#### #.# ###.[.Z##..# #.##.g###...### #...## ##### ##†## #..Z#
##.g.b# You could see a fire bat, a vampire bat and a skeletal bat.

Vanquished Creatures
  3 adders
  3 dart slugs
  A leopard gecko (D:2)
  An orc (D:3)
  A spectral bat (D:3)
  2 bat skeletons (D:3)
  A bat zombie (D:3)
  A giant cockroach (D:3)
  7 goblins
  A hobgoblin (D:1)
  3 kobolds
  A quokka (D:2)
  13 bats
  2 frilled lizards
  3 rats (D:2)
43 creatures vanquished.

Notes
Turn   | Place    | Note
-------+----------+-------------------------------------------
     0 | D:1      | vurker the Mummy Fire Elementalist began the quest for the
                  | Orb.
     0 | D:1      | Reached XP level 1. HP: 13/13 MP: 4/4
   182 | D:1      | Reached skill level 1 in Conjurations
   216 | D:1      | Reached skill level 3 in Spellcasting
   216 | D:1      | Reached XP level 2. HP: 19/19 MP: 1/6
   347 | D:1      | Learned a level 2 spell: Throw Flame
   495 | D:1      | Found a snail-covered altar of Cheibriados.
   887 | D:2      | Reached XP level 3. HP: 2/25 MP: 0/7
  1261 | D:2      | Found a faded altar of an unknown god.
  2029 | D:3      | Reached skill level 1 in Fighting
  2377 | D:3      | Reached XP level 4. HP: 32/32 MP: 7/9
  2478 | D:3      | Reached skill level 4 in Spellcasting
  2634 | D:3      | HP: 1/32 [vampire bat (1)]
  2638 | D:3      | Slain by a vampire bat

Levels and vault maps discovered:
D:1:      grunt_arrival_crossed_arrows, layout_basic, minmay_misc_feat_room,
          cheibriados_altar_1
D:2:      layout_basic, chequers_ecumenical_altar_island
D:3:      layout_loops_ring, first_ration, goddamned_bats, uniq_sigmund

Skill      XL: |  1  2  3  4 |
---------------+-------------+-----
Conjurations   | 1 2 |  2.1
Spellcasting   | 3 4 |  4.1
Fighting       | 1 |  1.4
Fire Magic     | 3 |  3.2
Dodging        | |  1.5
Stealth        | |  1.5

Action                   |  1- 3 |  4- 6 || total
-------------------------+-------+-------++-------
Melee: Unarmed           |    18 |    29 ||    47
 Cast: Flame Tongue      |    70 |    29 ||    99
       Throw Flame       |     3 |       ||     3
Armor: Robe              |     8 |    49 ||    57
Dodge: Dodged            |    31 |    80 ||   111

Table legend:
 A = Non-vault XP
 B = Vault XP
 C = Vault XP percentage of total XP
 D = Non-vault monster count
 E = Vault monster count
 F = Vault count percentage of total count
                 A         B        C        D         E       F
            +---------+---------+-------+---------+---------+-------
      Total |      93 |     102 |  52.3 |      30 |      13 |  30.2
            +---------+---------+-------+---------+---------+-------
        D:1 |      18 |       0 |   0.0 |       8 |       0 |   0.0
        D:2 |      54 |       0 |   0.0 |      17 |       0 |   0.0
        D:3 |      21 |     102 |  82.9 |       5 |      13 |  72.2
            +---------+---------+-------+---------+---------+-------
